AoeStats
← ALF

Fortress

508146619Analyzed
4v4 RM · 11d ago on Sep 21, 2026· 66m 20s· 8 players
Game mode
Random Map
Map size
Huge
Population
200
Speed
Normal
Resources
Standard
Victory
Conquest
Starting age
Dark Age
Ending age
Imperial Age
RankedLock teamsTeams togetherTeam positionsShared explorationLock speedFull tech treeHidden civsTurbo modeCheats
Victory
Defeat
🇲🇽 Franks · Mexico
1411
+14
🇵🇪 Britons · Peru
1397
+15
🇵🇪 Lithuanians · Peru
1394
+15
🇨🇳 Mongols · China
1350
+17
🇲🇽 Wei · Mexico
1437
-18
🇲🇽 Malay · Mexico
1404
-17
🇲🇽 Tupi · Mexico
1394
-16
🇲🇽 Khmer · Mexico
1244
-10
Wolfang
0:55 Loom
7:46 Feudal Age
12:59 Castle Age
11:26 Double-Bit Axe
11:38 Horse Collar
14:13 Bow Saw
17:59 Wheelbarrow
20:59 Heavy Plow
22:29 Hand Cart
23:06 Gold Mining
23:08 Stone Mining
23:26 Fletching
25:30 Bodkin Arrow
25:44 Pikeman
28:55 Imperial Age
26:28 Town Watch
27:24 Murder Holes
27:33 Padded Archer Armor
29:42 Bracer
30:07 Ballistics
30:10 Fortified Wall
30:19 Leather Archer Armor
30:09 Halberdier
30:50 Squires
30:57 Scale Mail Armor
31:07 Forging
31:59 Chemistry
31:51 Conscription
34:33 Gold Shaft Mining
34:35 Ring Archer Armor
34:21 Chain Mail Armor
35:16 Yeomen
36:10 Elite Longbowman
37:24 Plate Mail Armor
37:29 Iron Casting
37:21 Onager
38:32 Siege Engineers
38:58 Masonry
39:48 Arson
41:58 Blast Furnace
43:01 Hoardings
44:42 Two-Man Saw
43:48 Warwolf
48:32 Sappers
52:39 Coinage
52:46 Guard Tower
52:41 Arrowslits
53:28 Architecture
55:16 Keep
54:21 Treadmill Crane
63:45 Banking
SevenThunder438
6:58 Feudal Age
8:44 Loom
11:43 Castle Age
10:01 Horse Collar
10:45 Double-Bit Axe
12:48 Bow Saw
19:31 Wheelbarrow
19:38 Town Watch
20:13 Fletching
21:28 Bodkin Arrow
23:04 Heavy Plow
23:07 Gold Mining
23:08 Stone Mining
23:19 Stone Mining
27:55 Imperial Age
26:39 Gold Shaft Mining
26:16 Padded Archer Armor
27:34 Ballistics
27:20 Husbandry
28:30 Bloodlines
29:59 Chemistry
29:27 Bracer
29:55 Conscription
30:28 Parthian Tactics
30:21 Leather Archer Armor
30:12 Town Watch
30:50 Thumb Ring
31:44 Elite Mangudai
32:28 Capped Ram
33:54 Siege Ram
35:40 Masonry
35:15 Onager
36:38 Drill
37:10 Siege Engineers
37:43 Siege Onager
39:32 Hand Cart
40:50 Caravan
43:22 Murder Holes
44:36 Herbal Medicine
46:00 Hoardings
50:58 Drill
58:08 Drill
66:46 Coinage
zFenix095z
7:37 Feudal Age
11:15 Castle Age
9:27 Horse Collar
9:49 Double-Bit Axe
11:38 Wheelbarrow
12:34 Bow Saw
15:54 Fervor
18:07 Heavy Plow
18:52 Hand Cart
24:42 Imperial Age
23:08 Forging
23:03 Scale Barding Armor
23:15 Town Watch
23:23 Gold Mining
24:24 Bloodlines
24:42 Husbandry
25:28 Iron Casting
25:13 Chain Barding Armor
26:44 Crop Rotation
27:16 Stone Mining
28:01 Cavalier
29:28 Plate Barding Armor
34:13 Caravan
44:11 Conscription
43:26 Paladin
ALF
5:27 Loom
7:32 Feudal Age
11:21 Castle Age
9:23 Double-Bit Axe
12:19 Bow Saw
17:25 Wheelbarrow
19:40 Hand Cart
22:13 Gold Mining
25:49 Imperial Age
23:54 Forging
24:13 Scale Barding Armor
24:16 Husbandry
25:26 Iron Casting
26:07 Caravan
26:02 Cavalier
26:47 Chivalry
27:56 Blast Furnace
27:18 Chain Barding Armor
26:56 Town Watch
28:18 Coinage
27:25 Paladin
28:58 Gold Shaft Mining
28:14 Stone Mining
29:30 Banking
40:14 Light Cavalry
:) YO30830
7:37 Feudal Age
8:05 Double-Bit Axe
8:03 Horse Collar
8:14 Gold Mining
9:07 Wheelbarrow
13:44 Castle Age
12:09 Stone Mining
13:08 Bloodlines
16:22 Scale Barding Armor
17:35 Loom
18:11 Bow Saw
25:22 Chain Barding Armor
25:49 Forging
29:34 Iron Casting
32:38 Imperial Age
31:08 Hand Cart
31:14 Hand Cart
35:54 Light Cavalry
36:34 Husbandry
37:35 Ming Guang Armor
37:30 Conscription
38:12 Heavy Hei Guang Cavalry
49:11 Blast Furnace
49:08 Caravan
54:24 Stone Shaft Mining
54:25 Gold Shaft Mining
54:27 Squires
53:58 Pikeman
54:48 Halberdier
58:50 Tuntian
:) Regresa rocha moya
4:45 Loom
7:39 Feudal Age
11:25 Castle Age
9:29 Horse Collar
9:51 Double-Bit Axe
11:38 Wheelbarrow
12:50 Bow Saw
17:54 Fervor
18:38 Town Watch
21:27 Gold Mining
23:20 Heavy Plow
23:55 Hand Cart
27:47 Imperial Age
25:28 Stone Mining
26:14 Gold Shaft Mining
26:08 Husbandry
26:18 Bloodlines
26:41 Scale Barding Armor
27:49 Stone Shaft Mining
27:42 Chain Barding Armor
28:06 Ballistics
27:57 Masonry
27:59 Fortified Wall
29:23 Plate Barding Armor
29:55 Chemistry
29:02 Siege Engineers
29:39 Conscription
30:03 Double Crossbow
31:20 Hoardings
30:11 Elite Ballista Elephant
36:32 Fletching
36:53 Forging
41:40 Architecture
43:20 Coinage
43:59 Caravan
44:33 Light Cavalry
47:58 Scale Mail Armor
48:34 Iron Casting
48:37 Hoardings
48:03 Tusk Swords
47:34 Sappers
50:10 Chain Mail Armor
50:55 Blast Furnace
49:43 Pikeman
50:08 Arson
51:15 Banking
50:53 Halberdier
61:55 Bodkin Arrow
62:11 Murder Holes
65:01 Crop Rotation
64:58 Bracer
xblxavier
8:40 Feudal Age
12:14 Castle Age
10:06 Double-Bit Axe
10:21 Horse Collar
12:17 Bow Saw
15:50 Stone Mining
16:44 Wheelbarrow
16:43 Loom
22:25 Hand Cart
22:06 Gold Mining
22:56 Stone Shaft Mining
22:59 Town Watch
26:58 Imperial Age
25:15 Town Patrol
25:29 Forging
25:22 Husbandry
27:06 Iron Casting
27:14 Guilds
27:05 Caravan
28:06 Coinage
28:09 Conscription
28:14 Heavy Plow
28:19 Elite Battle Elephant
30:25 Crop Rotation
31:05 Fletching
32:17 Blast Furnace
39:43 Squires
39:50 Scale Barding Armor
40:35 Murder Holes
40:50 Bodkin Arrow
40:34 Light Cavalry
42:17 Bracer
41:40 Pikeman
42:40 Arson
43:16 Halberdier
48:48 Chemistry
48:09 Ballistics
47:31 Treadmill Crane
48:02 Masonry
49:46 Ballistics
49:36 Masonry
49:32 Siege Engineers
50:34 Capped Ram
53:41 Bombard Tower
54:09 Man-at-Arms
54:24 Sappers
55:33 Banking
55:14 Forced Levy
56:05 Long Swordsman
56:21 Long Swordsman
57:23 Two-Handed Swordsman
:) Tu tu ruuuu
7:00 Loom
9:08 Feudal Age
13:22 Castle Age
11:36 Double-Bit Axe
11:40 Horse Collar
12:17 Gold Mining
13:18 Fletching
14:54 Wheelbarrow
16:06 Bow Saw
21:13 Heavy Plow
22:21 Hand Cart
25:10 Ballistics
26:24 Gold Shaft Mining
25:47 Bodkin Arrow
28:47 Imperial Age
26:29 Squires
25:51 Pikeman
26:43 Scale Mail Armor
28:17 Chain Mail Armor
28:14 Forging
27:39 Crossbowman
28:18 Murder Holes
29:41 Iron Casting
28:50 Halberdier
28:54 Elite Skirmisher
30:10 Plate Mail Armor
30:16 Curare
31:03 Conscription
30:07 Arbalester
32:22 Bracer
32:27 Padded Archer Armor
33:43 Leather Archer Armor
34:51 Chemistry
35:10 Ring Archer Armor
35:04 Caciques
35:46 Elite Blackwood Archer
36:30 Stone Mining
38:09 Hoardings
50:13 Treadmill Crane
56:02 Guard Tower
61:37 Two-Man Saw
Connection lost

Rejoining the realm…

Still unreachable

The connection could not be restored.

Session expired

The server has moved on; the page needs a fresh start.